 Dungeon Crawl Stone Soup version 0.27-a0-1319-geec4fb4 (webtiles) character file.

Game seed: 1438680661777616966

172 ChiliFlavouring the Chiller (level 5, -3/45 HPs)
             Began as a Naga Ice Elementalist on June 21, 2021.
             Slain by a water moccasin zombie (4 damage)
             ... on level 3 of the Dungeon.
             The game lasted 00:15:00 (3575 turns).

ChiliFlavouring the Chiller (Naga Ice Elementalist) Turns: 3575, Time: 00:15:01

Health: -3/45      AC:  2    Str: 11    XL:     5   Next: 53%
Magic:  1/10       EV:  9    Int: 16    God:
Gold:   132        SH:  0    Dex: 11    Spells: 3/10 levels left

rFire    . . .     SeeInvis +   h - +0 hunting sling
rCold    . . .     Faith    .   (no shield)
rNeg     . . .     Spirit   .   a - +0 robe
rPois    +         Reflect  .   (no helmet)
rElec    .         Harm     .   (no cloak)
rCorr    .         Rampage  .   (no gloves)
Will     .....                  (no barding)
Stlth    ++........             (no amulet)
HPRegen  0.15/turn              (no ring)
MPRegen  0.12/turn              (no ring)

@: very slow
A: AC +1, large, see invisible, deformed body, poison resistance, slowness 2,
spit poison 1, naga tail 1
a: Spit Poison


You were on level 3 of the Dungeon.
You visited 1 branch of the dungeon, and saw 3 of its levels.

You collected 132 gold pieces.

Inventory:

Hand Weapons
 b - a +0 short sword
 d - a +0 short sword of protection
 e - a +1 flail of protection
 h - a +0 hunting sling (weapon)
 p - a +0 dagger of venom
Missiles
 f - 75 stones (quivered ammo)
 o - 2 boomerangs of dispersal
Armour
 a - a +0 robe (worn)
Scrolls
 g - 2 scrolls of amnesia {unknown}
 i - a scroll of identify {unknown}
 j - 2 scrolls of fear {unknown}
 l - a scroll of fog {unknown}
 n - a scroll of teleportation {unknown}
Potions
 c - 2 potions of lignification {unknown}
 k - a potion of cancellation {unknown}
 m - 2 potions of curing {unknown}


   Skills:
 + Level 1.8 Fighting
 + Level 1.1 Slings
 - Level 1.5 Dodging
 - Level 3.0 Stealth
 * Level 3.4 Spellcasting
 * Level 5.0 Ice Magic


You had 3 spell levels left.
You knew the following spells:

 Your Spells              Type           Power      Damage    Failure   Level
a - Freeze                Ice            76%        1d9       2%          1
b - Frozen Ramparts       Ice            38%        1d5       7%          3
c - Ozocubu's Armour      Ice            19%        N/A       7%          3

Your spell library contained the following spells:

 Spells                   Type           Power      Damage    Failure   Level
 Animate Skeleton         Necr           4%         N/A       19%         1
 Apportation              Tloc           4%         N/A       19%         1
 Corona                   Hex            2%         N/A       19%         1
 Summon Small Mammal      Summ           8%         N/A       19%         1
 Hailstorm                Conj/Ice       10%        3d5       54%         4
 Metabolic Englaciation   Hex/Ice        5%         N/A       87%         5


Dungeon Overview and Level Annotations

Branches:
Dungeon (3/15)

Altars:

Annotations:
D:3 1 runed translucent door, Crazy Yiuf


Innate Abilities, Weirdness & Mutations

Your serpentine skin is tough. (AC +1)
You have supernaturally acute eyesight. (SInv)
Armour fits poorly on your strangely shaped body.
Your system is resistant to poisons. (rPois)
You cover ground very slowly.
You can spit poison.
You have a snake-like lower body.


Message History

The water moccasin zombie barely misses you.
Fire: 79 stones
Press: ? - help, Q - select action, (/) - cycle Shift-Dir - straight line, f/p - water moccasin zombie
Aim: a water moccasin zombie (severely damaged, 54% to hit)
You shoot a stone.
The stone barely misses the water moccasin zombie.
The water moccasin zombie completely resists.
The wall freezes the water moccasin zombie but does no damage.
The water moccasin zombie bites you!
* * * LOW HITPOINT WARNING * * *
The water moccasin zombie resists.
The wall freezes the water moccasin zombie.
The water moccasin zombie bites you!
* * * LOW HITPOINT WARNING * * *
Fire: 78 stones
Press: ? - help, Q - select action, (/) - cycle Shift-Dir - straight line, f/p - water moccasin zombie
Aim: a water moccasin zombie (severely damaged, 54% to hit)
You shoot a stone.
The stone hits the water moccasin zombie.
The water moccasin zombie is almost destroyed.
The water moccasin zombie completely resists.
The wall freezes the water moccasin zombie but does no damage.
The water moccasin zombie bites you but does no damage.
Fire: 77 stones
Press: ? - help, Q - select action, (/) - cycle Shift-Dir - straight line, f/p - water moccasin zombie
Aim: a water moccasin zombie (almost destroyed, 54% to hit)
You shoot a stone.
The stone closely misses the water moccasin zombie.
The water moccasin zombie resists.
The wall freezes the water moccasin zombie.
The water moccasin zombie bites you.
* * * LOW HITPOINT WARNING * * *
Fire: 76 stones
Press: ? - help, Q - select action, (/) - cycle Shift-Dir - straight line, f/p - water moccasin zombie
Aim: a water moccasin zombie (almost destroyed, 54% to hit)
You shoot a stone.
The stone hits the water moccasin zombie.
The water moccasin zombie is almost destroyed.
The frozen ramparts melt away.
The water moccasin zombie bites you.
You die...

...........#.......#........)))#.
8..................###.....####..
............###......#....#####.#
............###.####.......##...)
∩.._............####..##....#.##.
###.......#.##...........##.#.###
#...<...#.#..........#.........
#######.#.#..###.........[....#
#(....Z@..).###........#
###...##..####.........# #BB.
##.†.................# #$Z..B.
#....#...##.........># #)S...
##.#..#.#.....#.#..#.## .....
#.......#....##....#.# ..B
##..#.#.....#....#....# #..
##..##.#....#...#.#...##
#.####..###.#.......##.#...#


You could see a water moccasin zombie.

Vanquished Creatures
  An orc priest (D:3)
  5 adders
  A river rat (D:3)
  A worm (D:3)
  3 dart slugs
  7 orcs (D:3)
  2 endoplasms (D:1)
  8 giant cockroaches
  4 goblins
  4 hobgoblins
  4 jackals (D:1)
  2 quokkas (D:1)
  4 ball pythons
  7 bats
  6 frilled lizards (D:3)
  7 kobolds (D:1)
  7 rats
73 creatures vanquished.

Vanquished Creatures (others)
  9 plants
9 creatures vanquished.

Grand Total: 82 creatures vanquished

Notes
Turn   | Place    | Note
-------+----------+-------------------------------------------
     0 | D:1      | ChiliFlavouring the Naga Ice Elementalist began the quest
                  | for the Orb.
     0 | D:1      | Reached XP level 1. HP: 15/15 MP: 3/3
   147 | D:1      | Reached XP level 2. HP: 24/24 MP: 3/5
   720 | D:1      | Reached XP level 3. HP: 27/30 MP: 2/6
   783 | D:1      | Reached skill level 1 in Fighting
  1516 | D:2      | Learned a level 3 spell: Frozen Ramparts
  2395 | D:3      | Found a faded altar of an unknown god.
  2501 | D:3      | Reached XP level 4. HP: 38/38 MP: 8/8
  2779 | D:3      | Reached XP level 5. HP: 21/44 MP: 2/9
  2781 | D:3      | Reached skill level 1 in Slings
  2783 | D:3      | Reached skill level 5 in Ice Magic
  2963 | D:3      | Learned a level 3 spell: Ozocubu's Armour
  3001 | D:3      | Found a glowing drain.
  3442 | D:3      | Found a runed translucent door.
  3443 | D:3      | Noticed Crazy Yiuf
  3574 | D:3      | HP: 1/45 [water moccasin zombie (5)]
  3575 | D:3      | Slain by a water moccasin zombie

Illustrated notes

Levels and vault maps discovered:
D:1:      minmay_arrival_up_and_down, layout_rooms, serial_forest,
          infiniplex_forest_straight_2, infiniplex_forest_clump_long,
          infiniplex_forest_lined_1, infiniplex_forest_lined_3,
          infiniplex_forest_clump_C, infiniplex_forest_zigzag_1,
          infiniplex_forest_side_room
D:2:      layout_loops_ring
D:3:      minmay_roachtagon, layout_rooms,
          hellmonk_ecumenical_altar_arch_garden, portal_sewer_entry_b,
          chequers_hall_statues_corner_a, minmay_misc_feat_cross,
          minmay_lizard_king, uniq_crazy_yiuf_cottage

Skill      XL: |  1  2  3  4  5 |
---------------+----------------+-----
Fighting       | 1 |  1.8
Spellcasting   | 3 |  3.4
Slings         | 1 |  1.1
Ice Magic      | 5 |  5.0
Dodging        | |  1.5
Stealth        | |  3.0

Action                   |  1- 3 |  4- 6 || total
-------------------------+-------+-------++-------
Melee: Short sword       |     2 |       ||     2
       Flail             |    19 |       ||    19
 Fire: Hunting sling     |    12 |    64 ||    76
Throw: Stone             |     4 |       ||     4
 Cast: Freeze            |    44 |    11 ||    55
       Frozen Ramparts   |     2 |    11 ||    13
       Ozocubu's Armour  |       |     5 ||     5
 Abil: Spit Poison       |     8 |     4 ||    12
 Stab: Sleeping          |     2 |       ||     2
Armor: Robe              |    14 |     8 ||    22
Dodge: Dodged            |    23 |    15 ||    38

Table legend: (Time is in decaauts)
 A = Elapsed time spent in this place.
 B = Non-inter-level travel time spent in this place.
 C = Inter-level travel time spent in this place.
 D = Time resting spent in this place.
 E = Time spent auto-exploring this place.
 F = Levels seen in this place.
 G = Mean time per level.
                   A        B        C        D        E       F      G
               +--------+--------+--------+--------+--------+-----+--------+
         Total |   4348 |   4254 |     94 |   1123 |   2183 |   3 | 1449.3 |
       Dungeon |   4348 |   4254 |     94 |   1123 |   2183 |   3 | 1449.3 |
               +--------+--------+--------+--------+--------+-----+--------+

Top non-repeatable levels by time:
     D:1: 1655 daAuts
     D:3: 1415 daAuts
     D:2: 1277 daAuts
